 Dungeon Crawl Stone Soup version 0.29.1-2-gbd0b4ee654 (webtiles) character file.

Game seed: 13910399316816131472

623 Goreval the Sneak (level 7, 0/55 HPs)
             Began as a Naga Enchanter on Nov 15, 2022.
             Was an Initiate of Wu Jian.
             Slain by Pikel
             ... wielding a +1 whip of flaming
              (1 damage)
             ... on level 5 of the Dungeon.
             The game lasted 00:25:21 (5543 turns).

Goreval the Sneak (Naga Enchanter)                  Turns: 5543, Time: 00:25:22

Health: 0/55       AC:  6    Str: 11    XL:     7   Next: 47%
Magic:  1/11       EV: 10    Int: 17    God:    Wu Jian [......]
Gold:   248        SH:  0    Dex: 11    Spells: 1/12 levels left

rFire   . . .      SeeInvis +   a - +1 dagger
rCold   . . .      Faith    .   (no shield)
rNeg    . . .      Spirit   .   j - +0 robe of Amorality {rPois}
rPois   +          Reflect  .   u - +0 helmet
rElec   .          Harm     .   n - +0 cloak
rCorr   .          Rampage  .   q - +0 pair of gloves {hurl}
Will    .....                   (no barding)
Stlth   +++.......              (no amulet)
HPRegen 0.18/turn               (no ring)
MPRegen 0.12/turn               (no ring)

@: invisible, very slow
A: AC +2, large, see invisible, deformed body, poison resistance, slowness 2,
spit poison 1, naga tail 1
a: Spit Poison, Renounce Religion


You were on level 5 of the Dungeon.
You worshipped Wu Jian.
Wu Jian was noncommittal.
You visited 1 branch of the dungeon, and saw 5 of its levels.

You collected 248 gold pieces.

Inventory:

Hand Weapons
 a - a +1 dagger (weapon)
Missiles
 f - 51 stones
 p - 7 poisoned darts
Armour
 j - the +0 robe of Amorality (worn) {rPois}
   (You found it on level 2 of the Dungeon)

   rPois:     It protects you from poison.
 n - a +0 cloak (worn)
 q - a +0 pair of gloves of hurling (worn)
 u - a +0 helmet (worn)
Magical Staves
 e - a staff of earth
Wands
 v - a wand of iceblast (7)
Scrolls
 k - a scroll of enchant armour {unknown}
 m - a scroll of enchant weapon {unknown}
 o - 2 scrolls of immolation {unknown}
 s - a scroll of blinking {unknown}
 w - a scroll of fear {unknown}
 x - a scroll of teleportation {unknown}
Potions
 b - a potion of berserk rage {unknown}
 c - 2 potions of invisibility
 d - 4 potions of flight
 g - a potion of curing
 h - a potion of mutation {unknown}
 i - 3 potions of attraction
 l - a potion of resistance {unknown}
 r - a potion of might {unknown}


   Skills:
 * Level 4.3 Short Blades
 - Level 2.0 Dodging
 + Level 6.5 Stealth
 + Level 3.3 Spellcasting
 * Level 5.3 Hexes
 - Level 1.0 Ice Magic


You had one spell level left.
You knew the following spells:

 Your Spells              Type           Power      Damage    Failure   Level
a - Ensorcelled Hibernat  Hex/Ice        26%        N/A       7%          2
b - Tukima's Dance        Hex            20%        N/A       6%          3
c - Confusing Touch       Hex            20%        N/A       6%          3
d - Dazzling Flash        Conj/Hex       22%        N/A       17%         3

Your spell library contained the following spells:

 Spells                   Type           Power      Damage    Failure   Level
 Gell's Gravitas          Tloc           2%         N/A       45%         3
 Teleport Other           Tloc           2%         N/A       45%         3
 Dispersal                Tloc           1%         N/A       100%        6


Dungeon Overview and Level Annotations

Branches:
Dungeon (5/15)
 Temple: D:4-7

Altars:
Dithmenos
Kikubaaqudgha
Qazlal
Trog
Vehumet
Wu Jian
Yredelemnul
Zin

Shops:
D:1 *

Annotations:
D:2 Sigmund
D:3 exclusion: phantom
D:5 Pikel


Innate Abilities, Weirdness & Mutations

Your serpentine skin is tough. (AC +2)
You have supernaturally acute eyesight. (SInv)
Armour fits poorly on your strangely shaped body.
Your system is resistant to poisons. (rPois)
You cover ground very slowly.
You can spit poison.
You have a snake-like lower body.


Message History

Aim: Pikel, wielding a +1 whip of flaming and wearing a +0 robe (chance to affect: 47%) Pikel resists with some effort.
Pikel hits you with a +1 whip of flaming!
Pikel burns you.
Okay, then.
Here: Pikel, wielding a +1 whip of flaming and wearing a +0 robe The floor.
Okay, then.
You fade into invisibility!
You have got your breath back.
Pikel says, "You'll rust in Dis!"
Pikel hits you with a +1 whip of flaming!
Pikel burns you.
The lemure looks more healthy.
Pikel hits you with a +1 whip of flaming.
* * * LOW HITPOINT WARNING * * *
Pikel burns you.
* * * LOW HITPOINT WARNING * * *
You catch the helpless Pikel completely off-guard!
You puncture Pikel!
The lemure shouts!
You closely miss Pikel.
Pikel hits you with a +1 whip of flaming!
* * * LOW HITPOINT WARNING * * *
Pikel burns you.
* * * LOW HITPOINT WARNING * * *
Okay, then.
Okay, then.
You feel better.
Pikel hits you with a +1 whip of flaming!
* * * LOW HITPOINT WARNING * * *
Pikel burns you.
* * * LOW HITPOINT WARNING * * *
You barely miss Pikel. You punch Pikel, but do no damage.
Pikel closely misses you.
You hit Pikel but do no damage.
Pikel hits you with a +1 whip of flaming.
* * * LOW HITPOINT WARNING * * *
Pikel burns you.
You die...

.####.# ###.....###.#
#≈..#..... .# #.#
##..##.##..##o##≈...#.### .#
#.# ###.####'####.#..#≈.....#..
.#
#.###.................≈....)..#
.#
#.##..######'######...≈......##
.#
#.##..................≈.#.##.#
.# #.....#.####'####.#......>
#.# .#
#.######..##.##5.##o...#####'##
#####.# ###...@K### #.~).≈~~.♣
......# ###.#########~....~~..
#####.# ##.# #...##.~♣.....♣
#<..# #..# #...##~...~♣~♣~
##### #.## #.....≈~~.≈..~♣
#.##########...≈~~~~~
#.##_..._# #~.~~~~≈.♣
#######.##≈#'#≈# #..~~~~.♣.
........####.#####....~..~.


You could see Pikel (unable to see you) and a lemure (unable to see you).

Vanquished Creatures
  A black bear (D:4)
  3 lemures (D:5)
  A phantom (D:5)
  2 scorpions (D:5)
  A necrophage (D:5)
  A hound (D:5)
  An orc priest (D:5)
  An iguana (D:5)
  Robin (D:4)
  9 adders
  2 shadow imps
  A white imp (D:5)
  An ufetubus (D:5)
  2 worms (D:2)
  A dart slug (D:4)
  8 orcs
  6 ball pythons
  4 endoplasms
  3 giant cockroaches
  7 goblins
  6 hobgoblins
  6 quokkas
  3 frilled lizards
  5 kobolds
  5 rats
81 creatures vanquished.

Notes
Turn   | Place    | Note
-------+----------+-------------------------------------------
     0 | D:1      | Goreval the Naga Enchanter began the quest for the Orb.
     0 | D:1      | Reached XP level 1. HP: 15/15 MP: 3/3
   349 | D:1      | Found Gaping's Assorted Antiques.
   425 | D:1      | Reached XP level 2. HP: 22/22 MP: 5/5
   428 | D:1      | Learned a level 2 spell: Ensorcelled Hibernation
   976 | D:2      | Identified the +0 robe of Amorality {rPois}
  1586 | D:2      | Reached XP level 3. HP: 24/28 MP: 1/6
  1638 | D:2      | Noticed Sigmund
  1861 | D:2      | Learned a level 3 spell: Tukima's Dance
  2022 | D:3      | Found a faded altar of an unknown god.
  2057 | D:3      | Reached skill level 5 in Stealth
  2196 | D:3      | Reached XP level 4. HP: 29/36 MP: 7/7
  2545 | D:3      | Noticed a phantom
  2868 | D:3      | Found an ancient bone altar of Kikubaaqudgha.
  2982 | D:4      | Identified the +7 chain mail "Ygatur" {Rampage rElec rN+
                  | Dex-4}
  3189 | D:4      | Noticed Robin
  3221 | D:4      | Killed Robin
  3587 | D:4      | Reached XP level 5. HP: 42/42 MP: 8/8
  4059 | D:4      | Noticed a black bear
  4063 | D:4      | Killed a black bear
  4064 | D:4      | Reached XP level 6. HP: 49/49 MP: 8/10
  4106 | D:4      | Learned a level 3 spell: Confusing Touch
  4157 | D:5      | Entered Level 5 of the Dungeon
  4397 | D:5      | Found a shadowy altar of Dithmenos.
  4397 | D:5      | Found a stormy altar of Qazlal.
  4697 | D:5      | Reached skill level 6 in Stealth
  4708 | D:5      | Found a bloodstained altar of Trog.
  4932 | D:5      | Reached skill level 1 in Ice Magic
  4932 | D:5      | Reached XP level 7. HP: 46/55 MP: 8/11
  5043 | D:5      | Found a glowing silver altar of Zin.
  5066 | D:5      | Reached skill level 5 in Hexes
  5085 | D:5      | Found a basalt altar of Yredelemnul.
  5123 | D:5      | Learned a level 3 spell: Dazzling Flash
  5346 | D:5      | Found an ornate altar of the Wu Jian Council.
  5359 | D:5      | Became a worshipper of the Wu Jian Council
  5467 | D:5      | Found a radiant altar of Vehumet.
  5515 | D:5      | Noticed Pikel
  5543 | D:5      | HP: 1/55 [Pikel/+1 whip of flaming (2)]
  5543 | D:5      | Slain by Pikel

Illustrated notes

Levels and vault maps discovered:
D:1:      heliophobic_arrival_glass_houses, layout_basic, serial_shops,
          nicolae_shop_hallway_plus, grunt_decor_fettered
D:2:      layout_loops_ring, uniq_sigmund
D:3:      layout_loops_ring, marbit_many_paths, chequers_ecumenical_altar_island
D:4:      layout_loops_ring, minivault_24, glass_columns_a,
          kennysheep_generic_room_10, uniq_robin
D:5:      layout_basic, amcnicky_altar_gilded, trog_butcher_becter,
          old_standard_altar, gammafunk_temple_overflow_elements,
          mainiacjoe_overflow_two_lobes, serial_rivers,
          chequers_serial_rivers_large_b, chequers_serial_rivers_room_b,
          chequers_serial_rivers_small_3, chequers_serial_rivers_micro_e,
          chequers_serial_rivers_marsh, fountainhead, interstate_on_off,
          uniq_pikel

Skill      XL: |  1  2  3  4  5  6  7 |
---------------+----------------------+-----
Short Blades   | 2 3 4 |  4.3
Stealth        | 5 6 |  6.5
Hexes          | 4 5 |  5.3
Spellcasting   | 3 |  3.3
Ice Magic      | 1 |  1.0
Dodging        | 2 |  2.0

Action                   |  1- 3 |  4- 6 |  7- 9 || total
-------------------------+-------+-------+-------++-------
Melee: Dagger            |    52 |   217 |    36 ||   305
       Punch             |       |     5 |     1 ||     6
 Cast: Ensorcelled Hiber |    15 |    19 |    14 ||    48
       Confusing Touch   |       |       |     3 ||     3
 Abil: Spit Poison       |     5 |     7 |     4 ||    16
Evoke: Wand              |       |     3 |       ||     3
  Use: Scroll            |       |     4 |       ||     4
       Potion            |       |       |     2 ||     2
 Stab: Sleeping          |    17 |    17 |     6 ||    40
       Confused          |       |       |     2 ||     2
       Distracted        |       |       |     1 ||     1
       Invisible         |       |       |     1 ||     1
Armor: Robe              |     8 |    15 |     3 ||    26
       Chain mail        |       |   104 |       ||   104
Dodge: Dodged            |    19 |    40 |    13 ||    72
